AoeStats
← THL

Lombardia

508221988Analyzed
4v4 RM · 11d ago on Sep 21, 2026· 62m 45s· 8 players
Game mode
Random Map
Map size
Large (8 player)
Population
200
Speed
Normal
Resources
Standard
Victory
Conquest
Starting age
Dark Age
Ending age
Imperial Age
RankedLock teamsTeams togetherTeam positionsShared explorationLock speedFull tech treeHidden civsTurbo modeCheats
Victory
Defeat
🇯🇵 Magyars · Japan
1786
+20
🇹🇼 Celts · Taiwan
1590
+26
🇹🇼 Slavs · Taiwan
1575
+27
🇻🇳 Portuguese · Vietnam
1551
+27
🇨🇳 Teutons · China
1924
-27
🇨🇳 Aztecs · China
1882
-26
🇨🇳 Britons · China
1847
-25
🇭🇰 Malians · Hong Kong SAR China
1765
-22
THL
7:04 Loom
9:21 Feudal Age
10:07 Double-Bit Axe
13:07 Horse Collar
20:01 Castle Age
18:34 Fletching
19:10 Gold Mining
20:05 Crossbowman
20:52 Bodkin Arrow
21:57 Padded Archer Armor
22:13 Bow Saw
25:49 Ballistics
26:35 Heavy Plow
29:28 Wheelbarrow
29:43 Leather Archer Armor
30:02 Thumb Ring
34:28 Hand Cart
36:58 Imperial Age
34:43 Heavy Plow
35:23 Caravan
36:43 Scale Mail Armor
36:53 Forging
36:22 Pikeman
37:02 Halberdier
37:59 Chain Mail Armor
40:11 Bracer
40:44 Plate Mail Armor
42:04 Two-Man Saw
41:40 Crop Rotation
42:16 Conscription
41:19 Man-at-Arms
41:45 Arson
41:48 Gambesons
42:11 Long Swordsman
43:28 Iron Casting
42:58 Bracer
42:59 Two-Handed Swordsman
43:32 Champion
46:47 Chemistry
46:18 Ring Archer Armor
46:52 Blast Furnace
47:37 Capped Ram
49:19 Bloodlines
49:09 Husbandry
50:14 Cavalier
51:00 Scale Barding Armor
50:39 Arbalester
52:46 Chain Barding Armor
51:48 Light Cavalry
51:58 Elite Skirmisher
53:43 Arquebus
55:35 Plate Barding Armor
鼠條
6:19 Loom
8:23 Feudal Age
9:19 Double-Bit Axe
14:05 Horse Collar
17:07 Wheelbarrow
17:24 Gold Mining
20:00 Castle Age
21:04 Bow Saw
22:38 Stone Mining
23:24 Gold Shaft Mining
25:59 Scale Mail Armor
26:09 Forging
27:18 Pikeman
28:18 Squires
28:54 Iron Casting
29:42 Chain Mail Armor
34:25 Imperial Age
33:06 Town Watch
34:19 Town Patrol
34:28 Capped Ram
34:38 Halberdier
35:51 Plate Mail Armor
36:21 Blast Furnace
35:25 Siege Ram
35:31 Siege Ram
37:42 Conscription
41:02 Fletching
40:57 Elite Boyar
41:58 Bodkin Arrow
42:54 Druzhina
51:57 Fortified Wall
51:53 Siege Engineers
51:59 Masonry
53:20 Two-Man Saw
52:21 Heavy Plow
52:10 Man-at-Arms
55:38 Man-at-Arms
56:33 Long Swordsman
57:22 Caravan
57:53 Coinage
57:51 Two-Handed Swordsman
59:32 Banking
59:16 Champion
63:08 Detinets
NeeNee
5:56 Loom
8:28 Feudal Age
9:02 Double-Bit Axe
9:40 Horse Collar
14:45 Wheelbarrow
15:25 Scale Barding Armor
16:55 Bloodlines
20:25 Castle Age
19:11 Gold Mining
20:43 Light Cavalry
21:34 Bow Saw
21:25 Heavy Plow
22:36 Husbandry
22:58 Fletching
31:37 Imperial Age
30:07 Thumb Ring
29:58 Bodkin Arrow
31:09 Hand Cart
30:39 Town Watch
31:25 Padded Archer Armor
31:46 Ballistics
31:39 Corvinian Army
32:08 Caravan
33:46 Two-Man Saw
33:36 Parthian Tactics
33:38 Bracer
34:28 Conscription
34:40 Crop Rotation
35:14 Chemistry
35:35 Leather Archer Armor
35:21 Heavy Cavalry Archer
36:57 Recurve Bow
38:07 Ring Archer Armor
40:03 Chain Barding Armor
41:32 Coinage
40:42 Elite Magyar Huszar
42:53 Masonry
45:15 Capped Ram
49:16 Plate Barding Armor
48:42 Stone Mining
49:28 Gold Shaft Mining
57:57 Hoardings
P0rr1dg3
10:24 Feudal Age
14:23 Castle Age
12:37 Double-Bit Axe
14:13 Horse Collar
15:49 Bow Saw
16:37 Wheelbarrow
17:49 Heavy Plow
19:02 Stone Mining
23:57 Arson
24:17 Scale Mail Armor
24:20 Gold Mining
25:43 Chain Mail Armor
25:51 Town Watch
25:52 Loom
26:47 Forging
28:25 Hand Cart
28:51 Iron Casting
28:33 Stronghold
33:24 Imperial Age
32:26 Fletching
33:21 Bodkin Arrow
32:50 Pikeman
34:15 Siege Engineers
34:21 Furor Celtica
34:32 Conscription
34:28 Onager
36:58 Siege Onager
39:17 Chemistry
37:40 Halberdier
38:51 Plate Mail Armor
39:22 Blast Furnace
41:52 Ballistics
47:04 Masonry
46:34 Treadmill Crane
51:55 Town Patrol
54:55 Elite Woad Raider
56:01 Caravan
56:31 Coinage
56:12 Guilds
62:23 Hoardings
61:46 Murder Holes
61:37 Arrowslits
Starsky
6:58 Loom
10:04 Feudal Age
8:56 Loom
15:26 Castle Age
13:52 Double-Bit Axe
14:25 Horse Collar
16:28 Bow Saw
24:22 Wheelbarrow
24:57 Heavy Plow
25:17 Gold Mining
25:55 Town Watch
29:47 Imperial Age
27:36 Scale Barding Armor
28:07 Forging
29:22 Chain Barding Armor
29:33 Bloodlines
30:38 Iron Casting
29:49 Cavalier
31:05 Plate Barding Armor
30:53 Conscription
32:09 Paladin
35:04 Chemistry
35:51 Siege Engineers
36:28 Iron Casting
37:52 Scale Mail Armor
39:45 Blast Furnace
39:23 Squires
39:42 Chain Mail Armor
40:07 Fletching
40:28 Masonry
40:54 Hoardings
41:56 Ballistics
41:47 Bodkin Arrow
42:40 Crenellations
46:24 Hand Cart
48:06 Guilds
48:48 Plate Mail Armor
48:22 Caravan
51:10 Elite Teutonic Knight
52:21 Arson
52:50 Town Patrol
63:10 Coinage
夏天九号
5:39 Loom
9:10 Feudal Age
13:37 Fletching
16:17 Padded Archer Armor
18:19 Town Watch
25:36 Castle Age
24:34 Gold Mining
25:20 Horse Collar
25:43 Crossbowman
26:18 Bodkin Arrow
28:30 Ballistics
31:03 Double-Bit Axe
32:37 Stone Mining
35:16 Wheelbarrow
38:40 Imperial Age
36:47 Bow Saw
39:40 Bracer
40:44 Chemistry
39:27 Treadmill Crane
40:34 Conscription
39:48 Arbalester
42:10 Two-Man Saw
42:50 Leather Archer Armor
44:02 Yeomen
44:50 Elite Skirmisher
48:50 Sappers
49:55 Caravan
51:37 Hand Cart
51:34 Squires
50:59 Pikeman
55:29 Coinage
55:52 Scale Mail Armor
56:03 Forging
56:35 Halberdier
58:44 Ring Archer Armor
58:29 Chain Mail Armor
H萝卜
9:43 Loom
12:13 Feudal Age
16:21 Castle Age
15:21 Scale Mail Armor
17:20 Squires
17:18 Eagle Warrior
23:25 Arson
25:39 Gold Mining
27:20 Wheelbarrow
26:30 Town Watch
28:27 Horse Collar
31:07 Hand Cart
31:03 Double-Bit Axe
32:12 Bow Saw
32:31 Fletching
32:55 Heavy Plow
34:22 Town Patrol
35:23 Bodkin Arrow
39:48 Imperial Age
37:23 Caravan
39:23 Chain Mail Armor
39:18 Forging
40:19 Forging
41:05 Plate Mail Armor
40:57 Conscription
42:05 Iron Casting
42:24 Bracer
42:25 Padded Archer Armor
42:39 Fortified Wall
42:51 Ballistics
42:13 Treadmill Crane
43:30 Coinage
43:41 Gold Shaft Mining
42:56 Stone Mining
44:18 Atlatl
43:39 Elite Jaguar Warrior
44:39 Leather Archer Armor
45:36 Chemistry
44:06 Elite Skirmisher
46:34 Blast Furnace
45:33 Murder Holes
45:48 Siege Engineers
46:04 Murder Holes
47:36 Banking
48:34 Pikeman
48:36 Elite Eagle Warrior
54:02 Onager
Nagasaki Anon
4:40 Loom
11:04 Feudal Age
14:56 Castle Age
12:58 Double-Bit Axe
14:42 Bloodlines
21:08 Wheelbarrow
20:50 Husbandry
25:01 Horse Collar
25:37 Bow Saw
27:00 Heavy Plow
30:10 Imperial Age
27:46 Scale Barding Armor
29:20 Hand Cart
29:34 Chain Barding Armor
30:04 Gold Mining
30:31 Forging
30:25 Cavalier
32:18 Plate Barding Armor
31:38 Treadmill Crane
31:50 Stone Mining
35:11 Chemistry
34:56 Iron Casting
34:37 Farimba
36:03 Conscription
37:48 Light Cavalry
41:46 Guilds
46:13 Tigui
48:18 Man-at-Arms
49:25 Long Swordsman
51:19 Two-Handed Swordsman
52:00 Squires
52:02 Scale Mail Armor
52:36 Caravan
53:45 Chain Mail Armor
54:12 Coinage
58:47 Padded Archer Armor
Connection lost

Rejoining the realm…

Still unreachable

The connection could not be restored.

Session expired

The server has moved on; the page needs a fresh start.